Blues vs Stars

Created - 30 janvier 2022 at 15:56

Goals
1 2 3 T
Blues 0 0 0 0
Stars 0 2 1 3
Shots
1 2 3 T
Blues 8 3 14 25
Stars 8 19 7 34

GoalsPenalties
1st period
No Goal
Warren Foegele (DAL) for Holding (Minor) at 2:54
Ross Colton (STL) for Goalie Interference (Minor) at 7:18
Frans Nielsen (DAL) for Close Hand On Puck (Minor) at 10:17
Alex DeBrincat (STL) for Hooking (Minor) at 10:17
Deryk Engelland (DAL) for Roughing (Minor) at 15:33
2nd period
1. Stars , Travis Hamonic 7 (Andrei Svechnikov 24, Ryan Suter 15) at 2:35 (SH)
2. Stars , Elias Pettersson 15 (Alexander Edler 18, Ryan Suter 16) at 17:55
Deryk Engelland (DAL) for Holding Stick (Minor) at 0:40
Radko Gudas (STL) for Cross-checking (Minor) at 10:11
Brendan Lemieux (STL) for Hooking (Minor) at 14:23
3rd period
3. Stars , Denis Gurianov 12 (Andrei Svechnikov 25) at 3:32
Jordan Greenway (DAL) for Tripping (Minor) at 5:07
Calvin de Haan (STL) for Cross-checking (Minor) at 19:01
Goalie Stats
Thomas Greiss (STL), 31 saves from 34 shots - (0,912), L, 8-10-4, 60:00 minutes
Martin Jones (DAL), 25 saves from 25 shots - (1,000), W, 10-20-2, 60:00 minutes
3 StarsOfficial
1 - Martin Jones (DAL)
2 - Andrei Svechnikov (DAL)
3 - Elias Pettersson (DAL)
Referees : Tom Kowal and Chris Lee
Linesman : Jonny Murray and Darren Gibbs
Game Note
No Game Note



Team Name Goals Shots Shots Attemp Shots Blocked PIM HIT PP PK FO%
Blues 02552910280 / 4 (0%)054%
Stars 33477610300 / 4 (0%)046%

Blues
Player Name POS G A P +/- PIM HIT SHT SB MP PP MP PP SHT PK MP PK SHT FO% FOT
Adam FoxD000-3001324:163:5404:0500% 0
Alex DeBrincatLW/RW000-2244117:404:2430:000100% 1
Brendan LemieuxLW/RW000020004:180:0000:0000% 0
Calvin de HaanD000-2240119:020:0003:2600% 0
Colin BlackwellC000000007:350:0003:16050% 16
Evan RodriguesC/LW/RW0000001012:460:0000:000100% 2
Kailer YamamotoLW/RW000-1012019:363:3203:1600% 0
Mats ZuccarelloRW000-1023016:203:3210:0000% 1
Michael Del ZottoD0000054018:544:0230:0000% 0
Mikael GranlundC/LW/RW000-1000118:143:3200:00045% 29
Nathan BastianRW000000004:190:0000:0000% 0
Nick BjugstadC/RW000-2013017:464:2410:00052% 23
Radko GudasD0000250116:310:0002:3200% 0
Ross ColtonC/LW/RW0000231014:360:0000:0000% 0
Tyler BozakC/RW0000001016:250:0003:39071% 14
Tyson BarrieD0000004121:594:0623:1900% 0
Valeri NichushkinLW/RW000-2011021:284:2413:390100% 1
Vince DunnD000-1020119:163:5000:2800% 0
Stars
Player Name POS G A P +/- PIM HIT SHT SB MP PP MP PP SHT PK MP PK SHT FO% FOT
Alexander EdlerD0111050224:483:4503:0700% 0
Andreas AthanasiouC000001309:430:0000:00040% 10
Andrei SvechnikovLW/RW0223062021:013:4623:1700% 1
Denis GurianovLW/RW1012013022:143:4603:49055% 11
Deryk EngellandD0001451120:083:1012:0700% 0
Dylan LarkinC0000002017:073:0900:00045% 22
Elias PetterssonC1013004020:393:4602:55050% 24
Frans NielsenC000020106:090:0000:0000% 0
Jason RobertsonLW0000004015:033:0912:1100% 2
Jordan GreenwayLW/RW0000241018:050:0002:48067% 6
Martin NecasC/RW0000036017:073:0910:0000% 1
Mikko KoivuC000001016:100:0000:00029% 7
Oskar LindblomLW/RW000003307:020:0000:52050% 2
Ron HainseyD0000001113:440:0001:2400% 0
Ryan SuterD0222001126:063:4514:2500% 0
Travis HamonicD1012002022:483:1014:4510% 0
Tucker PoolmanD0000000012:240:0000:0400% 0
Warren FoegeleLW/RW000021009:420:0000:000100% 1

Blues

5 vs 5 Forward
Line #Left WingCenterRight WingPHYDFOFWanted %Time %Time Play
1Valeri NichushkinMikael GranlundAlex DeBrincat0233031%13:17
2Kailer YamamotoNick BjugstadMats Zuccarello0233030%12:48
3Ross ColtonTyler BozakEvan Rodrigues0322730%12:46
4Brendan LemieuxColin BlackwellNathan Bastian2121310%4:19
5 vs 5 Defense
Line #DefenseDefensePHYDFOFWanted %Time %Time Play
1Adam FoxCalvin de Haan0323434%14:52
2Tyson BarrieRadko Gudas0323332%14:00
3Vince DunnMichael Del Zotto0323331%13:33
4Michael Del ZottoCalvin de Haan03202%0:45
Power Play Forward
Line #Left WingCenterRight WingPHYDFOFWanted %Time %Time Play
1Kailer YamamotoMikael GranlundMats Zuccarello0055045%3:32
2Valeri NichushkinNick BjugstadAlex DeBrincat0055055%4:24
Power Play Defense
Line #DefenseDefensePHYDFOFWanted %Time %Time Play
1Adam FoxVince Dunn0235048%3:50
2Tyson BarrieMichael Del Zotto0235052%4:06
Penalty Kill 4 Players Forward
Line #CenterWingPHYDFOFWanted %Time %Time Play
1Colin BlackwellKailer Yamamoto0325047%3:16
2Tyler BozakValeri Nichushkin0325053%3:39
Penalty Kill 4 Players Defense
Line #DefenseDefensePHYDFOFWanted %Time %Time Play
1Radko GudasAdam Fox0325052%3:36
2Calvin de HaanTyson Barrie0325048%3:19
Penalty Kill 3 Players
Line #WingPHYDFOFWanted %Time %Time PlayDefenseDefensePHYDFOFWanted %Time %Time Play
1Evan Rodrigues041500%0:00 Radko GudasAdam Fox032500%0:00
2Tyler Bozak041500%0:00 Calvin de HaanTyson Barrie032500%0:00
4 vs 4 Forward
Line #CenterWingPHYDFOFWanted %Time %Time Play
1Mikael GranlundAlex DeBrincat0235071%1:25
2Nick BjugstadValeri Nichushkin0235029%0:34
4 vs 4 Defense
Line #DefensePHYDFOFWanted %Time %Time Play
1Adam FoxVince Dunn0325071%50% - 1:25
2Tyson BarrieMichael Del Zotto0325029%50% - 0:34
Last Minutes Offensive
Left WingCenterRight WingDefenseDefense
Kailer YamamotoTyler BozakAlex DeBrincatAdam FoxVince Dunn
Last Minutes Defensive
Left WingCenterRight WingDefenseDefense
Evan RodriguesMikael GranlundValeri NichushkinRadko GudasCalvin de Haan
Time
Total ForwardTotal DefenseLast Minutes OffensiveLast Minutes Defensive
60:00 60:00 0:000:00
Extra Forwards
Normal PowerPlayPenalty Kill
Kailer Yamamoto, Ross Colton, Valeri NichushkinMats Zuccarello, Alex DeBrincatColin Blackwell
Extra Defensemen
Normal PowerPlayPenalty Kill
Adam Fox, Tyson Barrie, Radko GudasAdam Fox, Radko GudasCalvin de Haan
Penalty Shots
Alex DeBrincat, Mikael Granlund, Kailer Yamamoto, Mats Zuccarello, Valeri Nichushkin
Goalie
Thomas Greiss, Pavel Francouz
Custom OT Lines Forwards
Kailer Yamamoto, Alex DeBrincat, Valeri Nichushkin, Mikael Granlund, Mats Zuccarello, Ross Colton, Colin Blackwell, Nick Bjugstad, Evan Rodrigues, Tyler Bozak
Custom OT Lines Defensemen
Adam Fox, Vince Dunn, Calvin de Haan, Radko Gudas, Tyson Barrie
Scratches
Brett Kulak (Healthy), Roman Polak (Healthy)

Stars

5 vs 5 Forward
Line #Left WingCenterRight WingPHYDFOFWanted %Time %Time Play
1Andrei SvechnikovElias PetterssonDenis Gurianov0053031%13:19
2Jordan GreenwayDylan LarkinMartin Necas0053032%13:58
3Jason RobertsonAndreas AthanasiouWarren Foegele1222423%9:43
4Oskar LindblomMikko KoivuFrans Nielsen1401614%6:10
5 vs 5 Defense
Line #DefenseDefensePHYDFOFWanted %Time %Time Play
1Alexander EdlerRyan Suter1223030%12:46
2Travis HamonicDeryk Engelland1223031%13:33
3Ron HainseyTucker Poolman1222429%12:20
4Alexander EdlerRyan Suter1221610%4:31
Power Play Forward
Line #Left WingCenterRight WingPHYDFOFWanted %Time %Time Play
1Andrei SvechnikovElias PetterssonDenis Gurianov1225054%3:46
2Jason RobertsonDylan LarkinMartin Necas1225046%3:09
Power Play Defense
Line #DefenseDefensePHYDFOFWanted %Time %Time Play
1Alexander EdlerRyan Suter1225054%3:45
2Travis HamonicDeryk Engelland1225046%3:10
Penalty Kill 4 Players Forward
Line #CenterWingPHYDFOFWanted %Time %Time Play
1Elias PetterssonAndrei Svechnikov1225047%3:43
2Denis GurianovJordan Greenway1225053%4:13
Penalty Kill 4 Players Defense
Line #DefenseDefensePHYDFOFWanted %Time %Time Play
1Alexander EdlerRyan Suter1225039%3:07
2Travis HamonicDeryk Engelland1225061%4:49
Penalty Kill 3 Players
Line #WingPHYDFOFWanted %Time %Time PlayDefenseDefensePHYDFOFWanted %Time %Time Play
1Elias Pettersson122500%0:00 Alexander EdlerRyan Suter122500%0:00
2Andrei Svechnikov122500%0:00 Travis HamonicDeryk Engelland122500%0:00
4 vs 4 Forward
Line #CenterWingPHYDFOFWanted %Time %Time Play
1Elias PetterssonAndrei Svechnikov1225033%0:39
2Denis GurianovJordan Greenway1225067%1:20
4 vs 4 Defense
Line #DefensePHYDFOFWanted %Time %Time Play
1Alexander EdlerRyan Suter1225033%50% - 0:39
2Travis HamonicDeryk Engelland1225067%50% - 1:20
Last Minutes Offensive
Left WingCenterRight WingDefenseDefense
Andrei SvechnikovElias PetterssonDenis GurianovAlexander EdlerRyan Suter
Last Minutes Defensive
Left WingCenterRight WingDefenseDefense
Andrei SvechnikovElias PetterssonDenis GurianovAlexander EdlerRyan Suter
Time
Total ForwardTotal DefenseLast Minutes OffensiveLast Minutes Defensive
60:00 60:00 0:000:00
Extra Forwards
Normal PowerPlayPenalty Kill
Andrei Svechnikov, Frans Nielsen, Jason RobertsonElias Pettersson, Frans NielsenJason Robertson
Extra Defensemen
Normal PowerPlayPenalty Kill
Ron Hainsey, Alexander Edler, Travis HamonicRon Hainsey, Ryan SuterTravis Hamonic
Penalty Shots
Elias Pettersson, Andrei Svechnikov, Denis Gurianov, Jordan Greenway, Martin Necas
Goalie
Martin Jones, Jake Oettinger
Custom OT Lines Forwards
Elias Pettersson, Andrei Svechnikov, Denis Gurianov, Jordan Greenway, Martin Necas, Jason Robertson, Andreas Athanasiou, Oskar Lindblom, Mikko Koivu, Frans Nielsen
Custom OT Lines Defensemen
Alexander Edler, Ryan Suter, Travis Hamonic, Deryk Engelland, Ron Hainsey
Scratches
Dominik Simon (Healthy), Brogan Rafferty (Healthy), Scott Harrington (Healthy)


Play-by-Play

1st period


0:01 of 1st period - Mikael Granlund wins face-off versus Denis Gurianov in neutral zone.
0:03 of 1st period - Adam Fox is hit by Alexander Edler and loses puck.
0:43 of 1st period - Shot by Alex DeBrincat.
0:43 of 1st period - Shot Misses the Net.
0:59 of 1st period - Elias Pettersson is hit by Mats Zuccarello and loses puck.
1:10 of 1st period - Shot by Kailer Yamamoto.
1:10 of 1st period - Shot Misses the Net.
1:26 of 1st period - Shot by Kailer Yamamoto.
1:26 of 1st period - Shot Misses the Net.
1:29 of 1st period - Nick Bjugstad is hit by Alexander Edler and loses puck.
1:32 of 1st period - Shot by Kailer Yamamoto.
1:32 of 1st period - Deflect By Nick Bjugstad.
1:32 of 1st period - Shot Misses the Net.
2:08 of 1st period - Deryk Engelland is hit by Ross Colton and loses puck.
2:54 of 1st period - Minor Penalty to Warren Foegele for Holding.
2:55 of 1st period - Nick Bjugstad wins face-off versus Jason Robertson in Stars zone.
2:56 of 1st period - Shot by Adam Fox.
2:56 of 1st period - Shot Misses the Net.
2:58 of 1st period - Shot by Valeri Nichushkin.
2:58 of 1st period - Stopped by Martin Jones without a rebound.
2:59 of 1st period - Jordan Greenway wins face-off versus Mikael Granlund in Stars zone.
3:26 of 1st period - Shot by Mikael Granlund.
3:26 of 1st period - Shot Blocked by Deryk Engelland.
3:50 of 1st period - Shot by Alex DeBrincat.
3:50 of 1st period - Stopped by Martin Jones without a rebound.
3:51 of 1st period - Alex DeBrincat wins face-off versus Denis Gurianov in Stars zone.
4:01 of 1st period - Icing by Michael Del Zotto.
4:02 of 1st period - Jordan Greenway wins face-off versus Nick Bjugstad in Blues zone.
4:35 of 1st period - Shot by Alex DeBrincat.
4:35 of 1st period - Stopped by Martin Jones without a rebound.
4:36 of 1st period - Denis Gurianov wins face-off versus Mikael Granlund in Stars zone.
5:22 of 1st period - Off-side.
5:23 of 1st period - Oskar Lindblom wins face-off versus Mikael Granlund in neutral zone.
5:23 of 1st period - Oskar Lindblom is hit by Alex DeBrincat.
5:33 of 1st period - Mikko Koivu is hit by Alex DeBrincat and loses puck.
5:52 of 1st period - Shot by Oskar Lindblom.
5:52 of 1st period - Shot Misses the Net.
6:04 of 1st period - Shot by Mikael Granlund.
6:04 of 1st period - Deflect By Alex DeBrincat.
6:04 of 1st period - Shot Misses the Net.
6:49 of 1st period - Shot by Jason Robertson.
6:49 of 1st period - Stopped by Thomas Greiss without a rebound.
6:50 of 1st period - Evan Rodrigues wins face-off versus Dylan Larkin in Blues zone.
7:18 of 1st period - Minor Penalty to Ross Colton for Goalie Interference.
7:19 of 1st period - Colin Blackwell wins face-off versus Elias Pettersson in Blues zone.
7:48 of 1st period - Shot by Elias Pettersson.
7:48 of 1st period - Shot Blocked by Radko Gudas.
8:47 of 1st period - Kailer Yamamoto is hit by Martin Necas and loses puck.
9:43 of 1st period - Shot by Frans Nielsen.
9:43 of 1st period - Stopped by Thomas Greiss without a rebound.
9:44 of 1st period - Elias Pettersson wins face-off versus Nick Bjugstad in Blues zone.
10:06 of 1st period - Shot by Andrei Svechnikov.
10:06 of 1st period - Shot Misses the Net.
10:10 of 1st period - Shot by Elias Pettersson.
10:10 of 1st period - Stopped by Thomas Greiss without a rebound.
10:11 of 1st period - Mikael Granlund wins face-off versus Mikko Koivu in Blues zone.
10:11 of 1st period - Mikael Granlund is hit by Oskar Lindblom.
10:17 of 1st period - Minor Penalty to Frans Nielsen for Close Hand On Puck.
10:17 of 1st period - Minor Penalty to Alex DeBrincat for Hooking.
10:18 of 1st period - Denis Gurianov wins face-off versus Mikael Granlund in neutral zone.
10:32 of 1st period - Shot by Mikael Granlund.
10:32 of 1st period - Shot Misses the Net.
10:46 of 1st period - Shot by Jordan Greenway.
10:46 of 1st period - Shot Blocked by Adam Fox.
11:14 of 1st period - Shot by Andrei Svechnikov.
11:14 of 1st period - Shot Blocked by Adam Fox.
11:16 of 1st period - Shot by Andrei Svechnikov.
11:16 of 1st period - Shot Misses the Net.
11:24 of 1st period - Shot by Andrei Svechnikov.
11:24 of 1st period - Shot Misses the Net.
11:30 of 1st period - Shot by Elias Pettersson.
11:30 of 1st period - Shot Misses the Net.
11:32 of 1st period - Shot by Alexander Edler.
11:32 of 1st period - Shot Misses the Net.
11:42 of 1st period - Shot by Elias Pettersson.
11:42 of 1st period - Stopped by Thomas Greiss without a rebound.
11:43 of 1st period - Denis Gurianov wins face-off versus Nick Bjugstad in Blues zone.
12:07 of 1st period - Shot by Denis Gurianov.
12:07 of 1st period - Shot Misses the Net.
12:37 of 1st period - Shot by Andreas Athanasiou.
12:37 of 1st period - Stopped by Thomas Greiss without a rebound.
12:38 of 1st period - Nick Bjugstad wins face-off versus Mikko Koivu in Blues zone.
12:38 of 1st period - Nick Bjugstad is hit by Mikko Koivu.
12:41 of 1st period - Calvin de Haan is hit by Oskar Lindblom and loses puck.
12:48 of 1st period - Shot by Mats Zuccarello.
12:48 of 1st period - Stopped by Martin Jones without a rebound.
12:49 of 1st period - Andreas Athanasiou wins face-off versus Colin Blackwell in Stars zone.
13:00 of 1st period - Shot by Andreas Athanasiou.
13:00 of 1st period - Shot Misses the Net.
13:10 of 1st period - Shot by Andreas Athanasiou.
13:10 of 1st period - Shot Misses the Net.
13:12 of 1st period - Shot by Ryan Suter.
13:12 of 1st period - Shot Misses the Net.
13:20 of 1st period - Shot by Jason Robertson.
13:20 of 1st period - Deflect By Andreas Athanasiou.
13:20 of 1st period - Shot Blocked by Calvin de Haan.
13:22 of 1st period - Shot by Andreas Athanasiou.
13:22 of 1st period - Stopped by Thomas Greiss without a rebound.
13:23 of 1st period - Dylan Larkin wins face-off versus Nick Bjugstad in Blues zone.
13:24 of 1st period - Shot by Martin Necas.
13:24 of 1st period - Stopped by Thomas Greiss with a rebound.
13:55 of 1st period - Icing by Dylan Larkin.
13:56 of 1st period - Tyler Bozak wins face-off versus Dylan Larkin in Stars zone.
13:56 of 1st period - Adam Fox is hit by Deryk Engelland and loses puck.
14:09 of 1st period - Shot by Ross Colton.
14:09 of 1st period - Shot Misses the Net.
14:35 of 1st period - Shot by Ross Colton.
14:35 of 1st period - Stopped by Martin Jones with a rebound.
14:43 of 1st period - Shot by Elias Pettersson.
14:43 of 1st period - Shot Misses the Net.
15:28 of 1st period - Icing by Michael Del Zotto.
15:29 of 1st period - Mikael Granlund wins face-off versus Mikko Koivu in Blues zone.
15:33 of 1st period - Minor Penalty to Deryk Engelland for Roughing.
15:34 of 1st period - Nick Bjugstad wins face-off versus Denis Gurianov in Stars zone.
15:51 of 1st period - Shot by Alex DeBrincat.
15:51 of 1st period - Stopped by Martin Jones with a rebound.
15:59 of 1st period - Shot by Valeri Nichushkin.
15:59 of 1st period - Shot Misses the Net.
16:17 of 1st period - Shot by Michael Del Zotto.
16:17 of 1st period - Stopped by Martin Jones without a rebound.
16:18 of 1st period - Elias Pettersson wins face-off versus Mikael Granlund in Stars zone.
16:18 of 1st period - Elias Pettersson is hit by Kailer Yamamoto.
17:29 of 1st period - Shot by Tyson Barrie.
17:29 of 1st period - Stopped by Martin Jones with a rebound.
17:48 of 1st period - Off-side.
17:49 of 1st period - Evan Rodrigues wins face-off versus Mikko Koivu in neutral zone.
18:15 of 1st period - Shot by Oskar Lindblom.
18:15 of 1st period - Stopped by Thomas Greiss with a rebound.
19:32 of 1st period - Icing by Michael Del Zotto.
19:33 of 1st period - Dylan Larkin wins face-off versus Mikael Granlund in Blues zone.
19:37 of 1st period - Icing by Vince Dunn.
19:38 of 1st period - Valeri Nichushkin wins face-off versus Dylan Larkin in Blues zone.
19:45 of 1st period - Shot by Alex DeBrincat.
19:45 of 1st period - Shot Misses the Net.
Goals for this period are 0 for Blues vs 0 for Stars.
Shots for this period are 8 for Blues vs 8 for Stars.

2nd period


0:01 of 2nd period - Elias Pettersson wins face-off versus Nick Bjugstad in neutral zone.
0:08 of 2nd period - Shot by Denis Gurianov.
0:08 of 2nd period - Stopped by Thomas Greiss without a rebound.
0:09 of 2nd period - Dylan Larkin wins face-off versus Nick Bjugstad in Blues zone.
0:09 of 2nd period - Dylan Larkin is hit by Radko Gudas.
0:18 of 2nd period - Dylan Larkin is hit by Radko Gudas and loses puck.
0:28 of 2nd period - Kailer Yamamoto is hit by Deryk Engelland and loses puck.
0:40 of 2nd period - Minor Penalty to Deryk Engelland for Holding Stick.
0:41 of 2nd period - Nick Bjugstad wins face-off versus Elias Pettersson in Stars zone.
0:42 of 2nd period - Shot by Adam Fox.
0:42 of 2nd period - Shot Blocked by Alexander Edler.
0:44 of 2nd period - Shot by Nick Bjugstad.
0:44 of 2nd period - Stopped by Martin Jones without a rebound.
0:45 of 2nd period - Elias Pettersson wins face-off versus Nick Bjugstad in Stars zone.
1:06 of 2nd period - Jordan Greenway is hit by Alex DeBrincat and loses puck.
2:05 of 2nd period - Shot by Michael Del Zotto.
2:05 of 2nd period - Stopped by Martin Jones without a rebound.
2:06 of 2nd period - Jordan Greenway wins face-off versus Nick Bjugstad in Stars zone.
2:12 of 2nd period - Icing by Adam Fox.
2:13 of 2nd period - Denis Gurianov wins face-off versus Nick Bjugstad in Blues zone.
2:29 of 2nd period - Shot by Andrei Svechnikov.
2:29 of 2nd period - Shot Misses the Net.
2:33 of 2nd period - Shot by Andrei Svechnikov.
2:33 of 2nd period - Shot Blocked by Vince Dunn.
2:35 of 2nd period - Shot by Travis Hamonic.
2:35 of 2nd period - Goal by Travis Hamonic - Blues : 0 - Stars : 1.
2:36 of 2nd period - Denis Gurianov wins face-off versus Mikael Granlund in neutral zone.
2:36 of 2nd period - Denis Gurianov is hit by Mats Zuccarello.
2:40 of 2nd period - Mikael Granlund is hit by Andreas Athanasiou and loses puck.
2:49 of 2nd period - Shot by Jason Robertson.
2:49 of 2nd period - Stopped by Thomas Greiss without a rebound.
2:50 of 2nd period - Elias Pettersson wins face-off versus Colin Blackwell in Blues zone.
2:50 of 2nd period - Andrei Svechnikov is hit by Radko Gudas.
2:57 of 2nd period - Denis Gurianov is hit by Radko Gudas and loses puck.
3:12 of 2nd period - Shot by Andrei Svechnikov.
3:12 of 2nd period - Deflect By Elias Pettersson.
3:12 of 2nd period - Stopped by Thomas Greiss without a rebound.
3:13 of 2nd period - Mikael Granlund wins face-off versus Jordan Greenway in Blues zone.
3:13 of 2nd period - Mikael Granlund is hit by Jordan Greenway.
3:21 of 2nd period - Shot by Martin Necas.
3:21 of 2nd period - Deflect By Dylan Larkin.
3:21 of 2nd period - Shot Misses the Net.
3:23 of 2nd period - Shot by Martin Necas.
3:23 of 2nd period - Stopped by Thomas Greiss without a rebound.
3:24 of 2nd period - Nick Bjugstad wins face-off versus Elias Pettersson in Blues zone.
4:28 of 2nd period - Mikael Granlund is hit by Jordan Greenway.
4:33 of 2nd period - Jordan Greenway is hit by Vince Dunn and loses puck.
4:36 of 2nd period - Shot by Martin Necas.
4:36 of 2nd period - Shot Hit the Post.
5:01 of 2nd period - Dylan Larkin is hit by Michael Del Zotto and loses puck.
5:28 of 2nd period - Andreas Athanasiou is hit by Michael Del Zotto and loses puck.
5:35 of 2nd period - Shot by Jason Robertson.
5:35 of 2nd period - Stopped by Thomas Greiss without a rebound.
5:36 of 2nd period - Tyler Bozak wins face-off versus Oskar Lindblom in Blues zone.
6:06 of 2nd period - Shot by Tyler Bozak.
6:06 of 2nd period - Shot Blocked by Mikko Koivu.
6:19 of 2nd period - Ryan Suter is hit by Ross Colton.
6:39 of 2nd period - Shot by Denis Gurianov.
6:39 of 2nd period - Deflect By Andrei Svechnikov.
6:39 of 2nd period - Shot Hit the Post.
7:36 of 2nd period - Shot by Dylan Larkin.
7:36 of 2nd period - Stopped by Thomas Greiss without a rebound.
7:37 of 2nd period - Colin Blackwell wins face-off versus Andreas Athanasiou in Blues zone.
7:37 of 2nd period - Colin Blackwell is hit by Deryk Engelland.
7:40 of 2nd period - Icing by Vince Dunn.
7:41 of 2nd period - Colin Blackwell wins face-off versus Andreas Athanasiou in Blues zone.
7:43 of 2nd period - Icing by Nathan Bastian.
7:44 of 2nd period - Colin Blackwell wins face-off versus Dylan Larkin in Blues zone.
7:57 of 2nd period - Shot by Dylan Larkin.
7:57 of 2nd period - Deflect By Martin Necas.
7:57 of 2nd period - Stopped by Thomas Greiss without a rebound.
7:58 of 2nd period - Elias Pettersson wins face-off versus Mikael Granlund in Blues zone.
8:01 of 2nd period - Shot by Denis Gurianov.
8:01 of 2nd period - Stopped by Thomas Greiss without a rebound.
8:02 of 2nd period - Mikael Granlund wins face-off versus Dylan Larkin in Blues zone.
8:02 of 2nd period - Mikael Granlund is hit by Jordan Greenway.
8:10 of 2nd period - Shot by Martin Necas.
8:10 of 2nd period - Stopped by Thomas Greiss without a rebound.
8:11 of 2nd period - Elias Pettersson wins face-off versus Mikael Granlund in Blues zone.
8:12 of 2nd period - Shot by Andrei Svechnikov.
8:12 of 2nd period - Shot Blocked by Mikael Granlund.
8:27 of 2nd period - Shot by Alex DeBrincat.
8:27 of 2nd period - Shot Misses the Net.
8:56 of 2nd period - Alex DeBrincat is hit by Alexander Edler and loses puck.
9:14 of 2nd period - Icing by Michael Del Zotto.
9:15 of 2nd period - Nick Bjugstad wins face-off versus Jordan Greenway in Blues zone.
9:15 of 2nd period - Kailer Yamamoto is hit by Jordan Greenway and loses puck.
9:20 of 2nd period - Shot by Martin Necas.
9:20 of 2nd period - Shot Misses the Net.
9:35 of 2nd period - Shot by Jordan Greenway.
9:35 of 2nd period - Stopped by Thomas Greiss with a rebound.
9:37 of 2nd period - Shot by Martin Necas.
9:37 of 2nd period - Shot Misses the Net.
9:39 of 2nd period - Shot by Dylan Larkin.
9:39 of 2nd period - Shot Misses the Net.
9:47 of 2nd period - Shot by Travis Hamonic.
9:47 of 2nd period - Deflect By Dylan Larkin.
9:47 of 2nd period - Shot Misses the Net.
10:09 of 2nd period - Shot by Andreas Athanasiou.
10:09 of 2nd period - Stopped by Thomas Greiss without a rebound.
10:10 of 2nd period - Andreas Athanasiou wins face-off versus Tyler Bozak in Blues zone.
10:10 of 2nd period - Ron Hainsey is hit by Radko Gudas and loses puck.
10:11 of 2nd period - Minor Penalty to Radko Gudas for Cross-checking.
10:12 of 2nd period - Elias Pettersson wins face-off versus Tyler Bozak in Blues zone.
10:27 of 2nd period - Shot by Ryan Suter.
10:27 of 2nd period - Shot Blocked by Tyson Barrie.
10:53 of 2nd period - Shot by Andrei Svechnikov.
10:53 of 2nd period - Stopped by Thomas Greiss without a rebound.
10:54 of 2nd period - Dylan Larkin wins face-off versus Colin Blackwell in Blues zone.
10:57 of 2nd period - Shot by Deryk Engelland.
10:57 of 2nd period - Stopped by Thomas Greiss without a rebound.
10:58 of 2nd period - Dylan Larkin wins face-off versus Colin Blackwell in Blues zone.
11:42 of 2nd period - Shot by Dylan Larkin.
11:42 of 2nd period - Deflect By Jason Robertson.
11:42 of 2nd period - Stopped by Thomas Greiss without a rebound.
11:43 of 2nd period - Tyler Bozak wins face-off versus Elias Pettersson in Blues zone.
11:43 of 2nd period - Tyler Bozak is hit by Andrei Svechnikov.
12:16 of 2nd period - Shot by Oskar Lindblom.
12:16 of 2nd period - Stopped by Thomas Greiss without a rebound.
12:17 of 2nd period - Mikael Granlund wins face-off versus Mikko Koivu in Blues zone.
12:17 of 2nd period - Mikael Granlund is hit by Oskar Lindblom.
14:06 of 2nd period - Shot by Tyler Bozak.
14:06 of 2nd period - Deflect By Ross Colton.
14:06 of 2nd period - Shot Misses the Net.
14:08 of 2nd period - Shot by Adam Fox.
14:08 of 2nd period - Stopped by Martin Jones without a rebound.
14:09 of 2nd period - Colin Blackwell wins face-off versus Dylan Larkin in Stars zone.
14:23 of 2nd period - Minor Penalty to Brendan Lemieux for Hooking.
14:24 of 2nd period - Tyler Bozak wins face-off versus Elias Pettersson in Blues zone.
14:40 of 2nd period - Shot by Andrei Svechnikov.
14:40 of 2nd period - Stopped by Thomas Greiss with a rebound.
14:44 of 2nd period - Shot by Ryan Suter.
14:44 of 2nd period - Stopped by Thomas Greiss without a rebound.
14:45 of 2nd period - Tyler Bozak wins face-off versus Dylan Larkin in Blues zone.
14:45 of 2nd period - Tyler Bozak is hit by Martin Necas.
16:04 of 2nd period - Kailer Yamamoto is hit by Andrei Svechnikov and loses puck.
16:38 of 2nd period - Ron Hainsey is hit by Ross Colton and loses puck.
16:55 of 2nd period - Off-side.
16:56 of 2nd period - Mikael Granlund wins face-off versus Andreas Athanasiou in neutral zone.
17:19 of 2nd period - Shot by Jason Robertson.
17:19 of 2nd period - Shot Misses the Net.
17:49 of 2nd period - Shot by Denis Gurianov.
17:49 of 2nd period - Shot Misses the Net.
17:51 of 2nd period - Shot by Ryan Suter.
17:51 of 2nd period - Shot Misses the Net.
17:55 of 2nd period - Shot by Elias Pettersson.
17:55 of 2nd period - Goal by Elias Pettersson - Blues : 0 - Stars : 2.
17:56 of 2nd period - Jordan Greenway wins face-off versus Nick Bjugstad in neutral zone.
18:06 of 2nd period - Icing by Mats Zuccarello.
18:07 of 2nd period - Nick Bjugstad wins face-off versus Elias Pettersson in Blues zone.
18:07 of 2nd period - Nick Bjugstad is hit by Denis Gurianov.
18:36 of 2nd period - Off-side.
18:37 of 2nd period - Tyler Bozak wins face-off versus Dylan Larkin in neutral zone.
18:44 of 2nd period - Jordan Greenway is hit by Michael Del Zotto and loses puck.
18:50 of 2nd period - Dylan Larkin is hit by Michael Del Zotto.
19:46 of 2nd period - Shot by Denis Gurianov.
19:46 of 2nd period - Shot Blocked by Alex DeBrincat.
Goals for this period are 0 for Blues vs 2 for Stars.
Shots for this period are 3 for Blues vs 19 for Stars.

3rd period


0:01 of 3rd period - Nick Bjugstad wins face-off versus Martin Necas in neutral zone.
0:06 of 3rd period - Shot by Mats Zuccarello.
0:06 of 3rd period - Shot Blocked by Alexander Edler.
0:12 of 3rd period - Shot by Kailer Yamamoto.
0:12 of 3rd period - Stopped by Martin Jones without a rebound.
0:13 of 3rd period - Elias Pettersson wins face-off versus Mikael Granlund in Stars zone.
1:08 of 3rd period - Kailer Yamamoto is hit by Andrei Svechnikov and loses puck.
1:25 of 3rd period - Shot by Mats Zuccarello.
1:25 of 3rd period - Stopped by Martin Jones without a rebound.
1:26 of 3rd period - Tyler Bozak wins face-off versus Dylan Larkin in Stars zone.
1:26 of 3rd period - Tyler Bozak is hit by Alexander Edler.
1:36 of 3rd period - Shot by Dylan Larkin.
1:36 of 3rd period - Deflect By Martin Necas.
1:36 of 3rd period - Stopped by Thomas Greiss without a rebound.
1:37 of 3rd period - Colin Blackwell wins face-off versus Andreas Athanasiou in Blues zone.
1:37 of 3rd period - Radko Gudas is hit by Warren Foegele and loses puck.
2:16 of 3rd period - Icing by Radko Gudas.
2:17 of 3rd period - Colin Blackwell wins face-off versus Dylan Larkin in Blues zone.
2:17 of 3rd period - Colin Blackwell is hit by Martin Necas.
2:20 of 3rd period - Icing by Radko Gudas.
2:21 of 3rd period - Dylan Larkin wins face-off versus Colin Blackwell in Blues zone.
3:07 of 3rd period - Dylan Larkin is hit by Calvin de Haan and loses puck.
3:19 of 3rd period - Icing by Calvin de Haan.
3:20 of 3rd period - Nick Bjugstad wins face-off versus Elias Pettersson in Blues zone.
3:32 of 3rd period - Shot by Denis Gurianov.
3:32 of 3rd period - Goal by Denis Gurianov - Blues : 0 - Stars : 3.
3:33 of 3rd period - Warren Foegele wins face-off versus Mikael Granlund in neutral zone.
3:58 of 3rd period - Shot by Andreas Athanasiou.
3:58 of 3rd period - Shot Misses the Net.
4:00 of 3rd period - Shot by Ron Hainsey.
4:00 of 3rd period - Stopped by Thomas Greiss without a rebound.
4:01 of 3rd period - Tyler Bozak wins face-off versus Elias Pettersson in Blues zone.
4:38 of 3rd period - Andrei Svechnikov is hit by Calvin de Haan and loses puck.
5:07 of 3rd period - Minor Penalty to Jordan Greenway for Tripping.
5:08 of 3rd period - Mikael Granlund wins face-off versus Denis Gurianov in Stars zone.
5:26 of 3rd period - Mikael Granlund is hit by Deryk Engelland and loses puck.
5:35 of 3rd period - Shot by Mats Zuccarello.
5:35 of 3rd period - Stopped by Martin Jones without a rebound.
5:36 of 3rd period - Nick Bjugstad wins face-off versus Denis Gurianov in Stars zone.
5:45 of 3rd period - Alexander Edler is hit by Alex DeBrincat and loses puck.
6:36 of 3rd period - Shot by Jason Robertson.
6:36 of 3rd period - Shot Misses the Net.
6:42 of 3rd period - Shot by Tyson Barrie.
6:42 of 3rd period - Stopped by Martin Jones with a rebound.
6:44 of 3rd period - Shot by Mats Zuccarello.
6:44 of 3rd period - Shot Misses the Net.
6:46 of 3rd period - Shot by Michael Del Zotto.
6:46 of 3rd period - Stopped by Martin Jones without a rebound.
6:47 of 3rd period - Mikael Granlund wins face-off versus Andrei Svechnikov in Stars zone.
7:06 of 3rd period - Shot by Michael Del Zotto.
7:06 of 3rd period - Shot Misses the Net.
7:22 of 3rd period - Shot by Evan Rodrigues.
7:22 of 3rd period - Stopped by Martin Jones with a rebound.
7:24 of 3rd period - Shot by Tyler Bozak.
7:24 of 3rd period - Shot Misses the Net.
7:26 of 3rd period - Shot by Tyler Bozak.
7:26 of 3rd period - Shot Blocked by Ron Hainsey.
7:37 of 3rd period - Off-side.
7:38 of 3rd period - Mikko Koivu wins face-off versus Colin Blackwell in neutral zone.
7:41 of 3rd period - Shot by Oskar Lindblom.
7:41 of 3rd period - Stopped by Thomas Greiss without a rebound.
7:42 of 3rd period - Nick Bjugstad wins face-off versus Andreas Athanasiou in Blues zone.
8:07 of 3rd period - Shot by Michael Del Zotto.
8:07 of 3rd period - Stopped by Martin Jones without a rebound.
8:08 of 3rd period - Dylan Larkin wins face-off versus Mikael Granlund in Stars zone.
8:12 of 3rd period - Off-side.
8:13 of 3rd period - Mikael Granlund wins face-off versus Dylan Larkin in neutral zone.
8:17 of 3rd period - Off-side.
8:18 of 3rd period - Dylan Larkin wins face-off versus Mikael Granlund in neutral zone.
8:36 of 3rd period - Dylan Larkin is hit by Vince Dunn and loses puck.
8:57 of 3rd period - Alexander Edler is hit by Michael Del Zotto and loses puck.
9:40 of 3rd period - Shot by Tyson Barrie.
9:40 of 3rd period - Shot Misses the Net.
9:47 of 3rd period - Off-side.
9:48 of 3rd period - Tyler Bozak wins face-off versus Elias Pettersson in neutral zone.
9:48 of 3rd period - Tyler Bozak is hit by Andrei Svechnikov.
9:54 of 3rd period - Shot by Tyler Bozak.
9:54 of 3rd period - Stopped by Martin Jones without a rebound.
9:55 of 3rd period - Elias Pettersson wins face-off versus Tyler Bozak in Stars zone.
10:19 of 3rd period - Shot by Denis Gurianov.
10:19 of 3rd period - Shot Misses the Net.
10:48 of 3rd period - Adam Fox is hit by Deryk Engelland and loses puck.
11:06 of 3rd period - Warren Foegele is hit by Calvin de Haan and loses puck.
11:26 of 3rd period - Icing by Tucker Poolman.
11:27 of 3rd period - Andreas Athanasiou wins face-off versus Mikael Granlund in Stars zone.
11:27 of 3rd period - Andreas Athanasiou is hit by Valeri Nichushkin.
11:30 of 3rd period - Icing by Ron Hainsey.
11:31 of 3rd period - Mikael Granlund wins face-off versus Andreas Athanasiou in Stars zone.
11:47 of 3rd period - Shot by Tyson Barrie.
11:47 of 3rd period - Stopped by Martin Jones without a rebound.
11:48 of 3rd period - Dylan Larkin wins face-off versus Mats Zuccarello in Stars zone.
11:50 of 3rd period - Alexander Edler is hit by Nick Bjugstad.
11:54 of 3rd period - Shot by Martin Necas.
11:54 of 3rd period - Shot Misses the Net.
12:11 of 3rd period - Shot by Kailer Yamamoto.
12:11 of 3rd period - Shot Misses the Net.
12:13 of 3rd period - Shot by Michael Del Zotto.
12:13 of 3rd period - Shot Blocked by Ryan Suter.
12:15 of 3rd period - Shot by Kailer Yamamoto.
12:15 of 3rd period - Deflect By Nick Bjugstad.
12:15 of 3rd period - Stopped by Martin Jones without a rebound.
12:16 of 3rd period - Elias Pettersson wins face-off versus Mikael Granlund in Stars zone.
12:18 of 3rd period - Icing by Denis Gurianov.
12:19 of 3rd period - Mikael Granlund wins face-off versus Elias Pettersson in Stars zone.
12:40 of 3rd period - Shot by Alex DeBrincat.
12:40 of 3rd period - Stopped by Martin Jones without a rebound.
12:41 of 3rd period - Nick Bjugstad wins face-off versus Jason Robertson in Stars zone.
12:54 of 3rd period - Shot by Jason Robertson.
12:54 of 3rd period - Shot Misses the Net.
13:09 of 3rd period - Mats Zuccarello is hit by Alexander Edler.
13:11 of 3rd period - Shot by Kailer Yamamoto.
13:11 of 3rd period - Shot Misses the Net.
13:13 of 3rd period - Shot by Kailer Yamamoto.
13:13 of 3rd period - Stopped by Martin Jones with a rebound.
13:15 of 3rd period - Shot by Nick Bjugstad.
13:15 of 3rd period - Stopped by Martin Jones without a rebound.
13:16 of 3rd period - Mikael Granlund wins face-off versus Elias Pettersson in Stars zone.
13:29 of 3rd period - Shot by Valeri Nichushkin.
13:29 of 3rd period - Shot Misses the Net.
13:31 of 3rd period - Shot by Radko Gudas.
13:31 of 3rd period - Shot Misses the Net.
13:33 of 3rd period - Shot by Tyson Barrie.
13:33 of 3rd period - Stopped by Martin Jones without a rebound.
13:34 of 3rd period - Dylan Larkin wins face-off versus Tyler Bozak in Stars zone.
13:51 of 3rd period - Shot by Martin Necas.
13:51 of 3rd period - Shot Misses the Net.
14:13 of 3rd period - Shot by Martin Necas.
14:13 of 3rd period - Shot Misses the Net.
15:18 of 3rd period - Icing by Alexander Edler.
15:19 of 3rd period - Elias Pettersson wins face-off versus Nick Bjugstad in Stars zone.
16:30 of 3rd period - Shot by Warren Foegele.
16:30 of 3rd period - Shot Misses the Net.
17:24 of 3rd period - Off-side.
17:25 of 3rd period - Mikko Koivu wins face-off versus Mikael Granlund in neutral zone.
18:39 of 3rd period - Shot by Mats Zuccarello.
18:39 of 3rd period - Shot Misses the Net.
18:53 of 3rd period - Shot by Martin Necas.
18:53 of 3rd period - Shot Misses the Net.
18:59 of 3rd period - Shot by Dylan Larkin.
18:59 of 3rd period - Stopped by Thomas Greiss without a rebound.
19:00 of 3rd period - Andreas Athanasiou wins face-off versus Colin Blackwell in Blues zone.
19:00 of 3rd period - Andreas Athanasiou is hit by Calvin de Haan.
19:01 of 3rd period - Minor Penalty to Calvin de Haan for Cross-checking.
19:02 of 3rd period - Denis Gurianov wins face-off versus Colin Blackwell in Blues zone.
19:15 of 3rd period - Adam Fox is hit by Andrei Svechnikov and loses puck.
19:20 of 3rd period - Shot by Andrei Svechnikov.
19:20 of 3rd period - Deflect By Elias Pettersson.
19:20 of 3rd period - Shot Misses the Net.
19:24 of 3rd period - Shot by Denis Gurianov.
19:24 of 3rd period - Shot Blocked by Adam Fox.
19:26 of 3rd period - Shot by Travis Hamonic.
19:26 of 3rd period - Shot Misses the Net.
19:28 of 3rd period - Shot by Deryk Engelland.
19:28 of 3rd period - Shot Misses the Net.
19:30 of 3rd period - Shot by Travis Hamonic.
19:30 of 3rd period - Stopped by Thomas Greiss without a rebound.
19:31 of 3rd period - Tyler Bozak wins face-off versus Dylan Larkin in Blues zone.
19:56 of 3rd period - Shot by Martin Necas.
19:56 of 3rd period - Stopped by Thomas Greiss without a rebound.
19:57 of 3rd period - Colin Blackwell wins face-off versus Elias Pettersson in Blues zone.
19:57 of 3rd period - Tyson Barrie is hit by Andrei Svechnikov and loses puck.
Goals for this period are 0 for Blues vs 1 for Stars.
Shots for this period are 14 for Blues vs 7 for Stars.